 Dungeon Crawl Stone Soup version 0.30-a0-1160-g6e42c06551 (webtiles) character file.

Game seed: 13210155249129921521

102 voltaire321 the Digger (level 4, 0/28 HPs)
             Began as an Octopode Earth Elementalist on Apr 26, 2023.
             Slain by a sky beast (5 damage)
             ... on level 3 of the Dungeon.
             The game lasted 00:05:14 (2422 turns).

voltaire321 the Digger (OpEE)                       Turns: 2422, Time: 00:05:15

Health: 0/28       AC:  1    Str: 13    XL:     4   Next: 78%
Magic:  2/7        EV: 13    Int: 19    God:
Gold:   286        SH:  0    Dex: 12    Spells: 2/8 levels left

rFire   . . .        d - +0 dagger
rCold   + . .        (no shield)
rNeg    . . .        (helmet restricted)
rPois   .            (no amulet)
rElec   .            h - ring of protection from cold
rCorr   .            j - +6 ring of strength
SInv    .            (no ring)
Will    .....        (no ring)
Stlth   +++          (no ring)
HPRegen 0.24/turn    (no ring)
MPRegen 0.10/turn    (no ring)
                     (no ring)

%: no passive effects
@: very slightly contaminated
A: almost no armour, amphibious, 8 rings, camouflage 1, gelatinous body 1,
(nimble swimmer 1), tentacles
a: no special abilities


You were on level 3 of the Dungeon.
You visited 1 branch of the dungeon, and saw 3 of its levels.

You collected 286 gold pieces.

Inventory:

Hand Weapons
 d - a +0 dagger (weapon)
Jewellery
 h - a ring of protection from cold (left tentacle)
 j - a +6 ring of strength (right tentacle)
Scrolls
 c - 2 scrolls of teleportation {unknown}
 e - 3 scrolls of identify {unknown}
 g - 3 scrolls of poison {unknown}
 i - a scroll of vulnerability {unknown}
 m - a scroll of silence {unknown}
Potions
 a - a potion of magic
 b - 2 potions of heal wounds {unknown}
 f - 3 potions of attraction {unknown}
 k - 2 potions of haste {unknown}
 l - 3 potions of degeneration {unknown}


   Skills:
 + Level 1.2 Fighting
 + Level 2.5 Dodging
 + Level 3.4 Stealth
 + Level 2.5 Spellcasting
 + Level 1.1 Conjurations
 - Level 2.0 Transmutations
 + Level 3.4 Earth Magic


You had 2 spell levels left.
You knew the following spells:

 Your Spells              Type           Power      Damage    Failure   Level
a - Sandblast             Erth           30%        2d9       4%          1
b - Passwall              Tmut/Erth      10%        N/A       8%          2
c - Stone Arrow           Conj/Erth      20%        3d8       19%         3

Your spell library contained the following spells:

 Spells                   Type           Power      Damage    Failure   Level
 Apportation              Tloc           4%         N/A       16%         1
 Necrotise                Necr           8%         1d4       16%         1
 Summon Small Mammal      Summ           8%         N/A       16%         1
 Petrify                  Tmut/Erth      12%        N/A       45%         4


Dungeon Overview and Level Annotations

Branches:
Dungeon (3/15)

Altars:

Shops:
D:1 :   D:3 (

Annotations:
D:3 2 runed translucent doors, qeuew's ghost, amateur GrFi


Innate Abilities, Weirdness & Mutations

You cannot wear most types of armour.
You are amphibious.
You can wear up to eight rings at the same time.
Your skin changes colour to match your surroundings (Stealth+).
Your rubbery body absorbs attacks. (AC +1, EV +1)
((You are camouflaged when in or above water. (Stealth+)))
You have tentacles for arms and can constrict up to eight enemies at once.


Message History

Found a stone staircase leading up.
As you open the door, it creaks loudly!
A sky beast comes into view.
Found an escape hatch in the floor.
Aiming: Sandblast (safe; 4% risk of failure)
Press: ? - help, Q - select action, (/) - cycle Shift-Dir - straight line, f - sky beast
Aim: a sky beast (75% to hit)
The blast of sand hits the sky beast!
The sky beast is heavily wounded.
Aiming: Sandblast (safe; 4% risk of failure)
Press: ? - help, Q - select action, (/) - cycle Shift-Dir - straight line, f/p - sky beast
Aim: a sky beast (heavily wounded, 75% to hit)
You miscast Sandblast.
You are very lightly contaminated with residual magic.
Nothing appears to happen.
The sky beast hits you but does no damage.
Aiming: Sandblast (safe; 4% risk of failure)
Press: ? - help, Q - select action, (/) - cycle Shift-Dir - straight line, f/p - sky beast
Aim: a sky beast (heavily wounded, 75% to hit)
The blast of sand hits the sky beast!
The sky beast is severely wounded.
The sky beast flickers out of sight!
Deactivating autopickup; reactivate with Ctrl-A.
Something hits you. Something shocks you.
A sky beast appears from thin air!
Reactivating autopickup.
The sky beast hits you but does no damage.
Aiming: Sandblast (safe; 4% risk of failure)
Press: ? - help, Q - select action, (/) - cycle Shift-Dir - straight line, f/p - sky beast
Aim: a sky beast (rain, severely wounded, 75% to hit)
The blast of sand hits the sky beast!
The sky beast is almost dead.
The sky beast hits you. The sky beast shocks you.
Aiming: Sandblast (safe; 4% risk of failure)
Press: ? - help, Q - select action, (/) - cycle Shift-Dir - straight line, f/p - sky beast
Aim: a sky beast (almost dead, 75% to hit)
The blast of sand misses the sky beast.
The sky beast hits you.
* * * LOW HITPOINT WARNING * * *
The sky beast shocks you.
You die...

#... ..... #... #.#.
<.##...# ..## ... ...#...#
. #.##..#...#+ ##### ##
#.###.....###...#
#.............#.#
#......⌠......#.#
##....)..........#
##..###...^@###.#.#
##..##..#...#Y.##..#
##...#...#.).#...##.#
#....#<.##...##.>#..#######
+....####.....####.........
#.........####....#########
##.......## ##.#.#
##.....## ###.# ##...## #.#


You could see a sky beast.

Vanquished Creatures
  4 adders
  2 worms (D:2)
  4 dart slugs
  3 endoplasms (D:2)
  2 giant cockroaches (D:2)
  3 goblins
  5 hobgoblins
  4 jackals (D:2)
  3 quokkas
  8 ball pythons
  7 bats
  A frilled lizard (D:1)
  2 kobolds
  3 rats
51 creatures vanquished.

Notes
Turn   | Place    | Note
-------+----------+-------------------------------------------
     0 | D:1      | voltaire321 the Octopode Earth Elementalist began the quest
                  | for the Orb.
     0 | D:1      | Reached XP level 1. HP: 11/11 MP: 3/3
   211 | D:1      | Reached XP level 2. HP: 18/18 MP: 1/5
   353 | D:1      | Found Lutreila's Book Shop.
   503 | D:1      | Learned a level 2 spell: Passwall
   899 | D:2      | Reached XP level 3. HP: 19/22 MP: 6/6
   903 | D:2      | Learned a level 3 spell: Stone Arrow
  1243 | D:2      | Reached skill level 1 in Fighting
  1483 | D:2      | Reached XP level 4. HP: 26/28 MP: 7/7
  2049 | D:3      | Found a runed translucent door.
  2052 | D:3      | Noticed qeuew's ghost (amateur GrFi)
  2125 | D:3      | Identified the +5 chain mail "Xushirch" {-Cast -Tele rCorr
                  | Dex+6}
  2182 | D:3      | Found Qioshr Qezxe's Weapon Emporium.
  2273 | D:3      | Found a runed translucent door.
  2304 | D:3      | Reached skill level 1 in Conjurations
  2417 | D:3      | Noticed a sky beast
  2422 | D:3      | Slain by a sky beast

Illustrated notes

Levels and vault maps discovered:
D:1:      minmay_arrival_shattered_statue, layout_loops_ring, serial_shops, shop
D:2:      layout_loops_corners, kennysheep_small_spiral
D:3:      layout_loops_corners, serial_shops, nicolae_shop_behind_doors,
          ebering_ghost_sewer_f, grunt_ministairs_6, minmay_quantized

Skill      XL: |  1  2  3  4 |
---------------+-------------+-----
Stealth        | 3 |  3.4
Fighting       | 1 |  1.2
Conjurations   | 1 |  1.1
Transmutations | 2 |  2.0
Dodging        | |  2.5
Spellcasting   | |  2.5
Earth Magic    | |  3.4

Action                     |  1- 3 |  4- 6 || total
---------------------------+-------+-------++-------
  Melee: Whip              |     3 |       ||     3
         Constrict         |    10 |     5 ||    15
         Dagger            |    36 |    15 ||    51
         Tentacles         |     9 |     4 ||    13
   Cast: Sandblast         |    26 |     9 ||    35
   Stab: Sleeping          |     9 |     6 ||    15
 Armour: Skin              |     1 |     3 ||     4
  Dodge: Dodged            |    29 |     9 ||    38

Table legend: (Time is in decaauts)
 A = Elapsed time spent in this place.
 B = Non-inter-level travel time spent in this place.
 C = Inter-level travel time spent in this place.
 D = Time resting spent in this place.
 E = Time spent auto-exploring this place.
 F = Levels seen in this place.
 G = Mean time per level.
                   A        B        C        D        E       F      G
               +--------+--------+--------+--------+--------+-----+--------+
         Total |   2436 |   2426 |     10 |    164 |   1826 |   3 |  812.0 |
       Dungeon |   2436 |   2426 |     10 |    164 |   1826 |   3 |  812.0 |
               +--------+--------+--------+--------+--------+-----+--------+

Top non-repeatable levels by time:
     D:2: 1137 daAuts
     D:1: 842 daAuts
     D:3: 456 daAuts
